 Dungeon Crawl Stone Soup version 0.29.0-13-gc9e81de378 (webtiles) character file.

Game seed: 16217401668642207961

54 Ofeo the Firebug (level 4, -2/33 HPs)
             Began as a Meteoran Fire Elementalist on Sept 9, 2022.
             Slain by a hornet (15 damage)
             ... on level 4 of the Dungeon.
             The game lasted 00:03:39 (370 turns).

Ofeo the Firebug (Meteoran Fire Elementalist)        Turns: 370, Time: 00:03:40

Health: -2/33      AC:  2    Str:  9    XL:     4   Next: 34%
Magic:  0/10       EV: 13    Int: 19    God:
Gold:   56         SH:  5    Dex: 14    Spells: 0/9 levels left

rFire   . . .      SeeInvis .   f - +0 quarterstaff
rCold   . . .      Faith    .   (shield currently unavailable)
rNeg    . . .      Spirit   .   a - +0 robe
rPois   .          Reflect  +   (no helmet)
rElec   .          Harm     .   (no cloak)
rCorr   .          Rampage  .   (no gloves)
Will    .....                   (no boots)
Stlth   +.........              d - amulet of reflection
HPRegen 0.11/turn               (no ring)
MPRegen 0.12/turn               (no ring)

@: very slightly contaminated, slowed, glowing, very slow
A: sense surroundings 1, otherworldly, glowing, explore regen
a: no special abilities


You were on level 4 of the Dungeon.
You visited 1 branch of the dungeon, and saw 4 of its levels.

You collected 56 gold pieces.

Inventory:

Hand Weapons
 f - a +0 quarterstaff (weapon)
 g - a +1 whip of freezing
Armour
 a - a +0 robe (worn)
Jewellery
 d - an amulet of reflection (around neck)
Scrolls
 c - a scroll of vulnerability {unknown}
 h - 2 scrolls of identify {unknown}
Potions
 b - 2 potions of magic


   Skills:
 + Level 3.0 Dodging
 + Level 1.9 Stealth
 + Level 3.3 Spellcasting
 + Level 2.1 Conjurations
 + Level 4.1 Fire Magic


You couldn't memorise any spells.
You knew the following spells:

 Your Spells              Type           Power      Damage    Failure   Level
a - Foxfire               Conj/Fire      60%        2x1d7     4%          1
b - Scorch                Fire           36%        2d7       4%          2
c - Conjure Flame         Conj/Fire      15%        6-21      12%         3
d - Inner Flame           Hex/Fire       11%        N/A       19%         3

Your spell library contained the following spells:

 Spells                   Type           Power      Damage    Failure   Level
 Flame Wave               Conj/Fire      15%        2d7       38%         4
 Olgreb's Toxic Radiance  Pois           3%         N/A       82%         4
 Ozocubu's Refrigeration  Ice            1%         4d7       100%        7
 Ignition                 Fire           9%         3d5       100%        8


Dungeon Overview and Level Annotations

Branches:
Dungeon (4/15) Zot: 2023
 Temple: D:4-7

Altars:
Fedhas

Portals:
Sewer: D:3


Innate Abilities, Weirdness & Mutations

You passively map a small area around you.
You are easily found by Zot.
You glow in the dark.
You regain HP and MP as you explore.


Message History

Flames lash the ball python.
You kill the ball python!
The foxfire hits the hornet.
The hornet is lightly wounded.
The foxfire hits the hornet.
The hornet is lightly wounded.
You now have 6/10 mp.
Casting: Scorch (safe; 4% risk of failure)
Confirm with . or Enter, or press ? or * to list all spells.
Flames lash the hornet.
The hornet is moderately wounded.
The hornet's fire resistance burns away.
The hornet stings you!
You feel yourself slow down.
You take 12 damage, and have 21/33 hp.
MASSIVE DAMAGE!!
You now have 4/10 mp.
Casting: Scorch (safe; 4% risk of failure)
Confirm with . or Enter, or press ? or * to list all spells.
Flames lash the black bear.
The black bear is lightly wounded.
The black bear's fire resistance burns away.
You feel yourself speed up. The hornet misses you.
You block the hornet's attack.
You now have 2/10 mp.
Casting: Scorch (safe; 4% risk of failure)
Confirm with . or Enter, or press ? or * to list all spells.
Flames lash the black bear.
The black bear is burned terribly!
The black bear is moderately wounded.
The hornet misses you.
You now have 0/10 mp.
Okay, then.
The air fills with toxic fumes!
As you read the scroll labelled DIMUEL DURCHUUR, it crumbles to dust.
It was a scroll of poison.
The hornet is no longer more vulnerable to fire.
The hornet stings you!
You feel yourself slow down.
The black bear bites you but does no damage.
The black bear claws you but does no damage.
The black bear misses you. The hornet stings you!
You die...

##..<..............
##....§§§§§§§§§§§§§§§ *
,*##.....§§§§§§§§§§§§§§§
*#......§§§§§§§§§§§§§§§,
,
##......§§§§§§§§§§§§§§§
.........§§§§§§§§§§§§§§§
.####....§§§§§§§§§§§§§§§
, * ##...§§§§§§§yh§§§§§§
, * ##..§§§§§§§@§§§§##,
* ##.§§§§§§§§§§###* ,
##§§§§§§§#### #########
, , ,


You could see a hornet and a black bear (combustible).

Vanquished Creatures
  An adder (D:4)
  A river rat (D:3)
  2 worms
  5 orcs (D:3)
  2 bats (D:3)
  An endoplasm (D:2)
  2 hobgoblins
  4 jackals (D:3)
  2 kobolds (D:3)
  2 ball pythons
  A frilled lizard (D:2)
  2 goblins
25 creatures vanquished.

Vanquished Creatures (others)
  50 foxfires
  3 fungi (D:3)
  A plant (D:3)
54 creatures vanquished.

Grand Total: 79 creatures vanquished

Notes
Turn   | Place    | Note
-------+----------+-------------------------------------------
     0 | D:1      | Ofeo the Meteoran Fire Elementalist began the quest for the
                  | Orb.
     0 | D:1      | Reached XP level 1. HP: 14/14 MP: 5/5
    69 | D:3      | Reached XP level 2. HP: 14/20 MP: 2/6
   121 | D:3      | Reached XP level 3. HP: 26/26 MP: 3/8
   141 | D:4      | Noticed a black bear
   152 | D:3      | Learned a level 2 spell: Scorch
   164 | D:3      | Learned a level 3 spell: Conjure Flame
   201 | D:4      | HP: 1/26 [adder (3)]
   203 | D:4      | Reached skill level 4 in Fire Magic
   259 | D:4      | Identified the +0 chain mail of the Blue Moon {Regen+
                  | Str+4}
   268 | D:4      | Noticed a hornet
   290 | D:3      | Found a blossoming altar of Fedhas.
   301 | D:3      | Found a glowing drain.
   303 | D:3      | Reached XP level 4. HP: 33/33 MP: 9/9
   354 | D:4      | Learned a level 3 spell: Inner Flame
   370 | D:4      | Slain by a hornet

Illustrated notes

Levels and vault maps discovered:
D:1:      ncdulo_wetmaze, layout_rooms, minmay_misc_feat_ornament
D:2:      layout_loops_cross, serial_shops, nicolae_shop_waterfront,
          minmay_fountain_box
D:3:      layout_loops_ring, okawaru_altar_gauntlet_db, fedhas_altar_3,
          cheibrodos_sewer_entry_sluice
D:4:      layout_cave_pods, saegor_snake_ambush

Skill      XL: |  1  2  3 |
---------------+----------+-----
Spellcasting   | 3 |  3.3
Fire Magic     | 4 |  4.1
Conjurations   | 2 |  2.1
Dodging        | 3 |  3.0
Stealth        | |  1.9

Action                   |  1- 3 |  4- 6 || total
-------------------------+-------+-------++-------
Melee: Unarmed           |     4 |       ||     4
       Quarterstaff      |    13 |       ||    13
 Cast: Foxfire           |    30 |     1 ||    31
       Scorch            |     7 |     8 ||    15
  Use: Potion            |     1 |       ||     1
       Scroll            |       |     1 ||     1
Armor: Robe              |     3 |     3 ||     6
Dodge: Dodged            |    18 |     3 ||    21
Block: Other             |     3 |     1 ||     4
